cohdb
Replays
Latest Replays
All Replays
Popular Replays
Top Player Replays
Match Explorer
How It Works
Community
CoH3 Stats
Reddit
Sign in to upload your games and track your stats! →
Sign in with Steam
Match 42419636
Unlisted
Match 42419636
Overview
Messages
Build Orders
End
Construct Barracks
Selects Advanced Infantry Battlegroup
Engineer Squad
1⁄4-ton 4x4 Truck
Riflemen Squad
Infantry Support Center
Riflemen Squad
Demolitions Package
Construct Medical Station
Selects Convert to Ranger Squad
Selects Frontline Medical Station
Construct Motor Pool
Munitions Surplus
Convert to Ranger Squad
Frontline Medical Station
Construct Motor Pool
Convert to Ranger Squad
M24 Chaffee Light Tank
Selects Ranger Weapon Training
M24 Chaffee Light Tank
Advanced Logistics
Selects Ammunition Storage
Dahlian
[82AD] PaulVmax
Random_Target
Bish Bash Bosh
Angry Android
Howdenn
MrStealYourHitler
BlauBarschBube
0
0
Comments
sign in to comment!
No comments posted yet!